 Dungeon Crawl Stone Soup version 0.29-a0-857-g9b1aa3ac5b (webtiles) character file.

Game seed: 480597049748328930

576 xian the Shooter (level 7, -19/67 HPs)
             Began as a Troll Hunter on July 16, 2022.
             Demolished by an ogre
             ... wielding a +0 giant spiked club
              (22 damage)
             ... on level 4 of the Dungeon.
             The game lasted 00:10:56 (2912 turns).

xian the Shooter (Troll Hunter)                     Turns: 2912, Time: 00:10:57

Health: -19/67     AC:  6    Str: 20    XL:     7   Next: 13%
Magic:  6/6        EV: 14    Int:  5    God:
Gold:   278        SH:  0    Dex: 15    Spells: 6/6 levels left

rFire   . . .      SeeInvis .   a - +0 shortbow
rCold   . . .      Faith    .   (shield currently unavailable)
rNeg    . . .      Spirit   .   c - +0 robe
rPois   .          Reflect  .   (helmet restricted)
rElec   .          Harm     .   u - +1 cloak
rCorr   .          Rampage  .   (gloves unavailable)
Will    .....                   (boots unavailable)
Stlth   ++........              (no amulet)
HPRegen 1.01/turn               j - +4 ring of evasion
MPRegen 0.10/turn               (no ring)

@: about to teleport
A: large, unfitting armour, claws 3, regeneration 1, shaggy fur 1, tough skin 1
a: no special abilities


You were on level 4 of the Dungeon.
You visited 1 branch of the dungeon, and saw 5 of its levels.

You collected 278 gold pieces.

Inventory:

Hand Weapons
 a - a +0 shortbow (weapon)
 k - a +1 short sword of speed
Missiles
 h - 10 poisoned darts
Armour
 c - a +0 robe (worn)
 u - a +1 cloak (worn)
Jewellery
 j - a +4 ring of evasion (left claw)
Scrolls
 b - 2 scrolls of immolation
 e - a scroll of identify {unknown}
 f - 2 scrolls of acquirement {unknown}
 g - 2 scrolls of magic mapping
 i - 2 scrolls of teleportation
 n - a scroll of vulnerability {unknown}
 o - 2 scrolls of fog
 p - a scroll of fear {unknown}
 q - a scroll of poison {unknown}
Potions
 d - a potion of berserk rage {unknown}
 l - a potion of might {unknown}
 m - a potion of brilliance {unknown}
 r - a potion of mutation {unknown}
 s - a potion of attraction {unknown}
 t - a potion of heal wounds {unknown}
 v - a potion of invisibility {unknown}


   Skills:
 + Level 3.1 Fighting
 + Level 0.7 Short Blades
 + Level 5.1 Ranged Weapons
 + Level 2.3 Dodging
 + Level 0.7 Stealth


You had 6 spell levels left.
You didn't know any spells.
Your spell library contained the following spells:

 Spells                   Type           Power      Damage    Failure   Level
 Apportation              Tloc           0%         N/A       47%         1
 Beastly Appendage        Tmut           0%         N/A       47%         1
 Magic Dart               Conj           0%         1d3       47%         1
 Searing Ray              Conj           0%         2d4       63%         2
 Wereblood                Tmut           0%         N/A       63%         2
 Spider Form              Tmut/Pois      0%         N/A       85%         3
 Fulminant Prism          Conj/Hex       0%         3d6       99%         4
 Alistair's Intoxication  Tmut/Pois      0%         N/A       100%        5


Dungeon Overview and Level Annotations

Branches:
Dungeon (5/15)
 Temple: D:4-7

Altars:
Uskayaw

Shops:
D:3 (


Innate Abilities, Weirdness & Mutations

You are too large for most types of armour.
You have claws for hands.
Your natural rate of healing is unusually fast.
You are covered in fur. (AC +1)
You have tough skin. (AC +1)


Message History

Beogh smites you!
You shoot an arrow.
The arrow hits the orc but does no damage.
The orc is lightly wounded.
There is an open door here.
The orc priest mumbles some strange prayers to Beogh against you.
Beogh smites you!
There is a stone staircase leading down here.
You shoot an arrow. The arrow hits the orc.
The orc is severely wounded.
You shoot an arrow. The arrow hits the orc.
You kill the orc!
You shoot an arrow. The arrow hits the ogre.
The ogre is lightly wounded.
The ogre hits you with a +0 giant spiked club!!!
Ouch! That really hurt!
You are too injured to fight recklessly!
Unknown command.
You can't go up here!
You climb downwards.
The orc shouts!
There is a stone staircase leading up here.
Okay, then.
Unknown command.
Unknown command.
Okay, then.
The ogre hits you with a +0 giant spiked club.
You climb upwards.
There is a stone staircase leading down, spattered with blood here.
As you read the scroll of teleportation, it crumbles to dust.
You feel strangely unstable. The orc priest closely misses you.
The ogre misses you.
As you read the scroll labelled SOYFEA MOPTEL, it crumbles to dust.
The scroll dissolves into smoke.
It was a scroll of fog.
The orc priest hits you with a +0 whip. The orc priest barely misses you.
The ogre hits you with a +0 giant spiked club!!
* * * LOW HITPOINT WARNING * * *
The orc priest looks braver for a moment.
The ogre hits you with a +0 giant spiked club!!
You die...

#########
##########....§§§#
....o....'...[§oo+
...#.#####....§O@# #
...#.#...........+ .#
...#.#.###.....†.######.#
..o#O# #..............###
...'.# #####.#######.....
...### #.#.....#..# ..o..
#.#.....#..# ###.O.
##.'.._..#..# ....#
#..#..[..#..#


You could see an ogre and 2 orc priests.

Vanquished Creatures
  Grinder (D:3)
  A bullfrog (D:3)
  2 scorpions (D:4)
  2 hounds (D:4)
  An orc wizard (D:3)
  Robin (D:2)
  A gnoll (D:3)
  2 worms (D:2)
  3 dart slugs
  5 orcs
  5 bats
  4 endoplasms
  4 giant cockroaches
  9 hobgoblins
  10 kobolds
  2 quokkas
  6 ball pythons
  2 frilled lizards
  14 goblins
  6 rats
81 creatures vanquished.

Vanquished Creatures (others)
  17 plants (D:1)
17 creatures vanquished.

Grand Total: 98 creatures vanquished

Notes
Turn   | Place    | Note
-------+----------+-------------------------------------------
     0 | D:1      | xian the Troll Hunter began the quest for the Orb.
     0 | D:1      | Reached XP level 1. HP: 19/19 MP: 0/0
   157 | D:1      | Reached XP level 2. HP: 28/28 MP: 1/1
   203 | D:1      | Reached skill level 3 in Ranged Weapons
   401 | D:1      | Reached XP level 3. HP: 35/35 MP: 2/2
   711 | D:2      | Noticed Robin
   741 | D:2      | Killed Robin
  1080 | D:2      | Reached XP level 4. HP: 42/42 MP: 3/3
  1385 | D:3      | Noticed Grinder
  1392 | D:3      | Paralysed by Grinder for 3 turns
  1400 | D:3      | Killed Grinder
  1401 | D:3      | Reached skill level 4 in Ranged Weapons
  1401 | D:3      | Reached XP level 5. HP: 13/50 MP: 4/4
  1504 | D:3      | Reached XP level 6. HP: 59/59 MP: 5/5
  1978 | D:3      | Found Tidynn's Weapon Shop.
  2143 | D:3      | Found a faded altar of an unknown god.
  2569 | D:4      | Reached skill level 5 in Ranged Weapons
  2592 | D:4      | Reached XP level 7. HP: 59/67 MP: 6/6
  2835 | D:4      | Found a hide-covered altar of Uskayaw.
  2906 | D:5      | Entered Level 5 of the Dungeon
  2911 | D:4      | HP: 2/67 [ogre/+0 giant spiked club (25)]
  2912 | D:4      | Demolished by an ogre

Illustrated notes

Levels and vault maps discovered:
D:1:      matt_arrival_refuge, layout_basic, lexackson_kobold_supper
D:2:      layout_loops_ring, uniq_robin
D:3:      layout_basic, shapermc_ecumenical_altar_ellora, serial_shops, shop,
          minmay_misc_feat_enclosed, nicolae_concentric_dashed_squares_mild,
          uniq_grinder
D:4:      layout_basic, trog_butcher_becter, amcnicky_altar_gilded
D:5:      minmay_spotlight, layout_loops_cross

Skill      XL: |  1  2  3  4  5  6 |
---------------+-------------------+-----
Ranged Weapons | 3 4 5 |  5.1
Fighting       | 2 3 |  3.1
Dodging        | 2 |  2.3
Short Blades   | |  0.7
Stealth        | |  0.7

Action                   |  1- 3 |  4- 6 |  7- 9 || total
-------------------------+-------+-------+-------++-------
Melee: Short sword       |       |    57 |       ||    57
       Shortbow          |       |     1 |       ||     1
       Punch             |       |     1 |       ||     1
 Fire: Shortbow          |   124 |   117 |    26 ||   267
  Use: Scroll            |     2 |       |     2 ||     4
       Potion            |       |     3 |       ||     3
Armor: Robe              |    23 |    23 |     4 ||    50
Dodge: Dodged            |    78 |   105 |     9 ||   192

Table legend: (Time is in decaauts)
 A = Elapsed time spent in this place.
 B = Non-inter-level travel time spent in this place.
 C = Inter-level travel time spent in this place.
 D = Time resting spent in this place.
 E = Time spent auto-exploring this place.
 F = Levels seen in this place.
 G = Mean time per level.
                   A        B        C        D        E       F      G
               +--------+--------+--------+--------+--------+-----+--------+
         Total |   2954 |   2915 |     39 |     26 |   2089 |   5 |  590.8 |
       Dungeon |   2954 |   2915 |     39 |     26 |   2089 |   5 |  590.8 |
               +--------+--------+--------+--------+--------+-----+--------+

Top non-repeatable levels by time:
     D:3: 913 daAuts
     D:2: 724 daAuts
     D:1: 707 daAuts
     D:4: 607 daAuts
     D:5: 1 daAuts
